 Dungeon Crawl Stone Soup version 0.29-a0-418-gc0181ea820 (webtiles) character file.

Game seed: 13728497173109753146

234 avis the Chopper (level 6, -1/53 HPs)
             Began as a Hill Orc Warper on May 18, 2022.
             Splashed by a jelly's acid (8 damage)
             ... on level 4 of the Dungeon.
             The game lasted 00:13:53 (3660 turns).

avis the Chopper (Hill Orc Warper)                  Turns: 3660, Time: 00:13:54

Health: -1/53      AC:  1    Str: 16    XL:     6   Next: 5%
Magic:  8/8        EV:  7    Int: 13    God:
Gold:   129        SH:  0    Dex: 10    Spells: 8/8 levels left

rFire   . . .      SeeInvis .   a - +0 hand axe
rCold   . . .      Faith    .   (no shield)
rNeg    . . .      Spirit   .   x - +0 chain mail
rPois   .          Reflect  .   (no helmet)
rElec   .          Harm     .   (no cloak)
rCorr   .          Rampage  .   (no gloves)
Will    .....                   g - +0 pair of boots
Stlth   ..........              k - amulet of the acrobat
HPRegen 0.17/turn               i - ring of flight
MPRegen 0.11/turn               (no ring)

@: corroded, flying
A: no striking features
a: no special abilities


You were on level 4 of the Dungeon.
You visited 1 branch of the dungeon, and saw 4 of its levels.

You collected 129 gold pieces.

Inventory:

Hand Weapons
 a - a +0 hand axe (weapon)
 b - a +0 hunting sling
 h - a +0 spear
 s - a +0 trident
 u - a +0 flail
 z - a +0 trident
 B - a +0 spear
Missiles
 d - 12 boomerangs of dispersal (quivered)
 p - 144 stones
 w - 2 silver boomerangs
 C - 6 javelins
Armour
 f - a +0 chain mail
 g - a +0 pair of boots (worn)
 x - a +0 chain mail (worn)
Magical Staves
 n - a staff of death
 q - a staff of poison
Jewellery
 i - a ring of flight (left hand)
 k - an amulet of the acrobat (around neck)
 m - a ring of ice
 t - a +6 ring of strength
Scrolls
 c - a scroll of blinking
 e - 4 scrolls of identify {unknown}
 o - a scroll of fog {unknown}
 r - a scroll of torment {unknown}
 v - a scroll of fear {unknown}
 y - a scroll of magic mapping {unknown}
Potions
 j - a potion of cancellation {unknown}
 l - a potion of mutation {unknown}
 A - a potion of curing


   Skills:
 + Level 4.5 Fighting
 * Level 6.8 Axes
 - Level 0.8 Throwing
 - Level 1.1 Armour
 - Level 1.5 Dodging
 - Level 1.5 Spellcasting
 - Level 2.4 Translocations


You had 8 spell levels left.
You didn't know any spells.
Your spell library contained the following spells:

 Spells                   Type           Power      Damage    Failure   Level
 Blink                    Tloc           14%        N/A       96%         2
 Gell's Gravitas          Tloc           7%         N/A       99%         3
 Lesser Beckoning         Tloc           7%         N/A       99%         3
 Teleport Other           Tloc           7%         N/A       99%         3
 Static Discharge         Conj/Air       1%         N/A       100%        2
 Dispel Undead            Necr           1%         3d6       100%        4
 Sticky Flame             Conj/Fire      1%         2d3       100%        4
 Manifold Assault         Tloc           7%         N/A       100%        5
 Storm Form               Tmut/Air       0%         N/A       100%        7


Dungeon Overview and Level Annotations

Branches:
Dungeon (4/15)
 Temple: D:4-7

Altars:

Annotations:
D:2 1 runed translucent door, exclusion: door, Crazy Yiuf


Message History

You barely miss the jelly.
The jelly is moderately wounded.
The jelly hits you but does no damage.
You hit the jelly but do no damage.
Your hands burn!
The jelly is moderately wounded.
The jelly barely misses you.
You hit the jelly but do no damage.
Your hands burn!
The jelly is lightly wounded.
The jelly barely misses you.
You hit the jelly but do no damage.
Your hands burn!
The jelly is lightly wounded.
The jelly barely misses you.
You hit the jelly.
Your hands burn!
The jelly is moderately wounded.
The jelly hits you.
You are splashed with acid.
You hit the jelly. The acid corrodes you!
Your hands burn!
The jelly is moderately wounded.
The jelly barely misses you.
You completely miss the jelly.
The jelly is moderately wounded.
The jelly hits you.
You are splashed with acid.
You hit the jelly but do no damage.
Your hands burn!
The jelly is moderately wounded.
The jelly barely misses you.
You hit the jelly.
Your hands burn!
* * * LOW HITPOINT WARNING * * *
The jelly is heavily wounded.
The jelly closely misses you.
You hit the jelly but do no damage.
Your hands burn!
* * * LOW HITPOINT WARNING * * *
The jelly is heavily wounded.
The jelly hits you.
* * * LOW HITPOINT WARNING * * *
The acid corrodes you!
You are splashed with acid!
* * * LOW HITPOINT WARNING * * *
Okay, then.
You feel better. The jelly hits you.
* * * LOW HITPOINT WARNING * * *
You are splashed with acid!
You die...

##.###.#
#...##.#####.#
#.#..........#
#.............
......#.#.######
#######.#.#
#.#.# #.#.#
#.#@# #.#.J..#
#.####.# .. ##


You could see a jelly.

Vanquished Creatures
  A necrophage (D:3)
  A jelly (D:4)
  Terence (D:2)
  An orc wizard (D:3)
  4 adders
  A worm (D:2)
  2 dart slugs (D:3)
  4 orcs
  4 endoplasms
  5 giant cockroaches
  A goblin (D:3)
  2 hobgoblins
  A jackal (D:3)
  7 ball pythons
  4 bats
  3 frilled lizards
  6 kobolds
  3 rats (D:1)
51 creatures vanquished.

Notes
Turn   | Place    | Note
-------+----------+-------------------------------------------
     0 | D:1      | avis the Hill Orc Warper began the quest for the Orb.
     0 | D:1      | Reached XP level 1. HP: 18/18 MP: 3/3
    37 | D:1      | Reached skill level 3 in Axes
   233 | D:1      | Reached XP level 2. HP: 25/25 MP: 4/4
   415 | D:1      | Found a faded altar of an unknown god.
   884 | D:2      | Found a runed translucent door.
   886 | D:2      | Noticed Crazy Yiuf
  1024 | D:2      | Reached skill level 4 in Axes
  1113 | D:2      | Reached XP level 3. HP: 31/31 MP: 5/5
  1342 | D:2      | Noticed Terence
  1358 | D:2      | Killed Terence
  2002 | D:2      | Reached skill level 5 in Axes
  2002 | D:2      | Reached XP level 4. HP: 38/38 MP: 6/6
  2145 | D:3      | HP: 1/38 [something/puff of flame (7)]
  2526 | D:3      | Noticed a necrophage
  2546 | D:3      | Killed a necrophage
  2547 | D:3      | Reached skill level 6 in Axes
  2547 | D:3      | Reached XP level 5. HP: 27/44 MP: 7/7
  3581 | D:4      | Reached XP level 6. HP: 43/53 MP: 8/8
  3659 | D:4      | HP: 2/53 [acid (7)]
  3660 | D:4      | Splashed by a jelly's acid

Illustrated notes

Levels and vault maps discovered:
D:1:      dpeg_arrival_ternary, layout_rooms,
          shapermc_ecumenical_altar_acropolis, minmay_tall_x
D:2:      layout_basic, uniq_terence, uniq_crazy_yiuf_cottage
D:3:      minmay_wonky_spiral, layout_loops_ring, kennysheep_generic_room_12
D:4:      layout_loops_ring, minitemple, amcnicky_mini_corridor_feature,
          chequers_serial_rivers_micro_b, minmay_statues_item,
          minmay_strange_pillars, serial_bayou_pond_d, minmay_fire_ice_demons

Skill      XL: |  1  2  3  4 |
---------------+-------------+-----
Axes           | 3 4 5 6 |  6.8
Fighting       | 3 4 |  4.5
Throwing       | |  0.8
Armour         | |  1.1
Dodging        | |  1.5
Spellcasting   | |  1.5
Translocations | |  2.4

Action                   |  1- 3 |  4- 6 || total
-------------------------+-------+-------++-------
Melee: Hand axe          |    81 |   120 ||   201
       Punch             |     1 |       ||     1
 Fire: Hunting sling     |    30 |    31 ||    61
  Use: Potion            |       |     3 ||     3
Armor: Leather armour    |    23 |       ||    23
       Scale mail        |     4 |    33 ||    37
       Chain mail        |       |    16 ||    16
Dodge: Dodged            |    48 |    55 ||   103

Table legend: (Time is in decaauts)
 A = Elapsed time spent in this place.
 B = Non-inter-level travel time spent in this place.
 C = Inter-level travel time spent in this place.
 D = Time resting spent in this place.
 E = Time spent auto-exploring this place.
 F = Levels seen in this place.
 G = Mean time per level.
                   A        B        C        D        E       F      G
               +--------+--------+--------+--------+--------+-----+--------+
         Total |   3691 |   3257 |    434 |    686 |   1794 |   4 |  922.8 |
       Dungeon |   3691 |   3257 |    434 |    686 |   1794 |   4 |  922.8 |
               +--------+--------+--------+--------+--------+-----+--------+

Top non-repeatable levels by time:
     D:2: 1424 daAuts
     D:3: 1217 daAuts
     D:1: 936 daAuts
     D:4: 113 daAuts
